 Dungeon Crawl Stone Soup version 0.30-a0-1074-g5db6f66fbb (webtiles) character file.

Game seed: 18312320114335461757

1491 BlueFish the Sneak (level 9, -1/67 HPs)
             Began as a Formicid Fighter on Apr 13, 2023.
             Was a Believer of Cheibriados.
             Slain by a black bear (3 damage)
             ... on level 5 of the Dungeon.
             The game lasted 00:14:52 (5111 turns).

BlueFish the Sneak (Formicid Fighter)               Turns: 5111, Time: 00:14:53

Health: -1/67      AC:  7    Str: 36    XL:     9   Next: 7%
Magic:  12/12      EV: 11    Int: 13    God:    Cheibriados [**....]
Gold:   128        SH:  6    Dex: 18    Spells: 8/8 levels left

rFire   + . .      SeeInvis +    a - +1 flail
rCold   . . .      Faith    .    c - +0 buckler
rNeg    . . .      Spirit   .    v - +0 scale mail
rPois   .          Reflect  .    (helmet unavailable)
rElec   .          Rampage  .    (no cloak)
rCorr   .                        (no gloves)
Will    .....                    (no boots)
Stlth   ++                       (no amulet)
HPRegen 0.31/turn                i - ring of protection from fire
MPRegen 0.13/turn                l - +6 ring of strength

@: very slow
A: permanent stasis, dig shafts and tunnels, antennae 3, four strong arms
a: Dig, Shaft Self, Renounce Religion, Bend Time


You were on level 5 of the Dungeon.
You worshipped Cheibriados.
Cheibriados was pleased with you.
You visited 1 branch of the dungeon, and saw 5 of its levels.
You also visited: Sewer and Ossuary.

You collected 258 gold pieces.
You spent 130 gold pieces at shops.

Inventory:

Hand Weapons
 a - a +1 flail (weapon)
 b - a +0 sling
 r - a +0 mace
Missiles
 h - 15 poisoned darts
 k - 60 stones (quivered)
Armour
 c - a +0 buckler (worn)
 v - a +0 scale mail (worn)
Jewellery
 i - a ring of protection from fire (left hand)
 l - a +6 ring of strength (right hand)
Scrolls
 e - 3 scrolls of immolation
 g - 2 scrolls of fear
 m - a scroll of vulnerability
 n - a scroll of silence {unknown}
 p - a scroll of magic mapping {unknown}
 q - a scroll of blinking {unknown}
 s - a scroll of brand weapon {unknown}
 t - 2 scrolls of fog
 w - a scroll of enchant armour {unknown}
 x - a scroll of enchant weapon
Potions
 d - 6 potions of curing
 f - a potion of resistance {unknown}
 j - a potion of magic
 o - a potion of mutation
 u - a potion of might
 z - 2 potions of lignification
 A - a potion of flight {unknown}
 B - a potion of invisibility {unknown}
 C - a potion of haste {unknown}
 D - a potion of degeneration {unknown}


   Skills:
 + Level 4.9 Fighting
 + Level 3.9 Maces & Flails
 + Level 2.3 Ranged Weapons
 + Level 2.9 Throwing
 + Level 4.9 Armour
 + Level 2.7 Dodging
 * Level 6.3 Stealth
 + Level 6.0 Shields
 * Level 4.0 Invocations


You had 8 spell levels left.
You didn't know any spells.
Your spell library contained the following spells:

 Spells                   Type           Power      Damage    Failure   Level
 Kiss of Death            Conj/Necr      0%         2d5       54%         1
 Necrotise                Necr           0%         1d4       54%         1
 Cigotuvi's Dreadful Rot  Necr/Pois/Air  0%         N/A       69%         2
 Ignite Poison            Fire/Tmut/Pois 0%         N/A       89%         3
 Vampiric Draining        Necr           0%         2d6       89%         3
 Agony                    Necr           0%         N/A       100%        5
 Freezing Cloud           Conj/Ice/Air   0%         6-21      100%        5


Dungeon Overview and Level Annotations

Branches:
Dungeon (5/15)             Temple (0/1) D:4           Sewer (visited)
Ossuary (visited)

Altars:
Cheibriados
Dithmenos
Fedhas
Qazlal
Wu Jian
The Shining One

Shops:
D:2 (   D:4 ?


Innate Abilities, Weirdness & Mutations

You cannot be hasted, slowed, berserked, paralysed or teleported.
You can dig through walls and to a lower floor.
You have a pair of large antennae on your head. (SInv)
Your four strong arms can wield two-handed weapons with a shield.


Message History

* * * LOW HITPOINT WARNING * * *
You sock the orc wizard!
You kill the orc wizard!
Cheibriados appreciates the change of pace.
Your Invocations skill increases to level 4!
You hit the black bear.
The black bear is moderately wounded.
The black bear bites you but does no damage.
The black bear completely misses you. You block the black bear's attack.
The black bear bites you.
* * * LOW HITPOINT WARNING * * *
You block the black bear's attack. The black bear misses you.
You sock the black bear!
The black bear is heavily wounded.
You block the black bear's attack. The black bear barely misses you.
The black bear claws you but does no damage.
You hit the black bear.
The black bear is severely wounded.
The black bear goes berserk!
You hit the black bear.
The black bear is severely wounded.
The black bear misses you. The black bear closely misses you.
You block the black bear's attack. The black bear bites you!
* * * LOW HITPOINT WARNING * * *
The black bear closely misses you. x2
You barely miss the black bear.
The black bear is severely wounded.
The black bear bites you.
* * * LOW HITPOINT WARNING * * *
The black bear claws you but does no damage. x2
The black bear bites you but does no damage.
The black bear claws you.
* * * LOW HITPOINT WARNING * * *
You block the black bear's attack.
You sock the black bear!
The black bear is almost dead.
The black bear bites you.
* * * LOW HITPOINT WARNING * * *
The black bear claws you.
You die...

.....
....#.. .
..... ..#.#.
.. ########
#.... ...
######.#
#?#.#.#.#
.......#
#......
######.#
#..#.#.#.
#.#
#........
#.#
####h#.###..
#.# #..@.#
.. #.#
#.#### ##
#.#######)#
#.........#
###########
{


You could see a black bear (berserk).

Vanquished Creatures
  A water moccasin (D:5)
  Pargi (Sewer)
  An ogre (D:5)
  An ice beast (D:5)
  A phantom (D:5)
  A water moccasin zombie (Ossuary)
  2 elf skeletons (D:5)
  A wight (Ossuary)
  3 centaur zombies (Ossuary)
  2 bullfrog zombies (Ossuary)
  3 human zombies
  3 hounds (D:5)
  2 orc priests (D:4)
  A gnoll bouda (D:5)
  2 iguanas (D:5)
  A scorpion zombie (Ossuary)
  2 orc wizards
  An ogre zombie (Ossuary)
  7 gnolls
  5 adders
  2 ufetubi
  2 worms
  2 dart slugs
  13 orcs
  7 endoplasms
  3 giant cockroaches
  3 goblins
  11 hobgoblins
  2 jackals (D:3)
  7 quokkas
  7 ball pythons
  3 bats
  8 frilled lizards
  A gnoll zombie (Ossuary)
  7 goblin zombies (Ossuary)
  4 hobgoblin zombies (Ossuary)
  8 kobolds
  2 orc skeletons (D:5)
  5 orc zombies (Ossuary)
  4 rats
142 creatures vanquished.

Vanquished Creatures (others)
  A fungus (D:1)
1 creature vanquished.

Grand Total: 143 creatures vanquished

Notes
Turn   | Place    | Note
-------+----------+-------------------------------------------
     0 | D:1      | BlueFish the Formicid Fighter began the quest for the Orb.
     0 | D:1      | Reached XP level 1. HP: 18/18 MP: 1/1
    42 | D:1      | Reached XP level 2. HP: 22/24 MP: 2/2
    60 | D:1      | Reached skill level 1 in Stealth
   223 | D:1      | Found a faded altar of an unknown god.
   226 | D:1      | Got Plato's Atlas of Violence
   320 | D:1      | Reached XP level 3. HP: 29/29 MP: 3/3
   694 | D:2      | Found Qeubilat's Antique Weapon Shoppe.
  1204 | D:3      | Found a blossoming altar of Fedhas.
  1230 | D:3      | Reached XP level 4. HP: 35/35 MP: 4/4
  1299 | D:3      | Found a glowing drain.
  1322 | Sewer    | Entered a sewer
  1476 | Sewer    | Noticed Pargi
  1493 | Sewer    | Killed Pargi
  1494 | Sewer    | Reached skill level 1 in Throwing
  1494 | Sewer    | Reached skill level 1 in Dodging
  1494 | Sewer    | Reached XP level 5. HP: 13/42 MP: 5/5
  1693 | D:3      | Found a stormy altar of Qazlal.
  1855 | D:3      | Found a shadowy altar of Dithmenos.
  1918 | D:3      | Reached XP level 6. HP: 48/48 MP: 6/6
  2738 | D:4      | HP: 1/48 [orc/+2 antimagic hand axe (5)]
  2975 | D:4      | Found Dewek's Magic Scroll Emporium.
  3018 | D:4      | Bought a scroll of fog for 52 gold pieces
  3018 | D:4      | Bought a scroll of fear for 52 gold pieces
  3018 | D:4      | Bought a scroll of identify for 26 gold pieces
  3021 | D:4      | Found a snail-covered altar of Cheibriados.
  3041 | D:4      | Became a worshipper of Cheibriados the Contemplative
  3214 | D:4      | Found a staircase to the Ecumenical Temple.
  3223 | D:4      | Reached skill level 5 in Shields
  3407 | D:4      | Found a glowing golden altar of the Shining One.
  3621 | D:5      | Entered Level 5 of the Dungeon
  3654 | D:5      | Reached XP level 7. HP: 45/54 MP: 7/7
  3768 | D:5      | Found an ornate altar of the Wu Jian Council.
  3795 | D:5      | Reached skill level 1 in Invocations
  3875 | D:5      | Found a sand-covered staircase.
  3902 | Ossuary  | Entered an ossuary
  3986 | Ossuary  | Reached * piety under Cheibriados
  3987 | Ossuary  | Reached skill level 1 in Ranged Weapons
  4043 | Ossuary  | Reached skill level 5 in Stealth
  4212 | Ossuary  | Reached XP level 8. HP: 52/58 MP: 9/9
  4464 | Ossuary  | Noticed a silent spectre
  4520 | D:5      | Reached ** piety under Cheibriados
  4728 | D:5      | Identified the +0 ring mail "Plog" {Harm rPois Dex+2}
  5103 | D:5      | Reached XP level 9. HP: 22/67 MP: 11/11
  5111 | D:5      | HP: 2/67 [black bear (4)]
  5111 | D:5      | Slain by a black bear

Illustrated notes

Levels and vault maps discovered:
D:1:      dpeg_arrival_tiny_h, layout_basic,
          shapermc_ecumenical_altar_rom_forum, serial_park_tiny_pond,
          serial_bayou_pond_e, kennysheep_decorative_pillar
D:2:      layout_rooms, serial_shops, nicolae_square_shop
D:3:      minmay_wonky_spiral, layout_loops_corners,
          mainiacjoe_overflow_concentric_impassable, amcnicky_altar_gilded,
          lemuel_crystal_altar, portal_sewer_entry_f
D:4:      layout_basic, mainiacjoe_overflow_six_doors_small,
          general_overflow_altar, minmay_temple_entry_junction, serial_shops,
          nicolae_shop_window_shopping, grunt_ministairs_1
D:5:      layout_basic, mainiacjoe_overflow_boulevard,
          nicolae_ossuary_entry_catacombs, minmay_misc_feat_pillars

Skill      XL: |  1  2  3  4  5  6  7  8  9 |
---------------+----------------------------+-----
Stealth        | 1 2 3 4 5 6 |  6.3
Throwing       | 1 2 |  2.9
Dodging        | 1 2 |  2.7
Armour         | 4 |  4.9
Fighting       | 4 |  4.9
Shields        | 5 6 |  6.0
Maces & Flails | 3 |  3.9
Invocations    | 2 3 4 |  4.0
Ranged Weapons | 1 2 |  2.3

Action                     |  1- 3 |  4- 6 |  7- 9 || total
---------------------------+-------+-------+-------++-------
  Melee: Flail             |    83 |   211 |    72 ||   366
         Mace              |       |       |   138 ||   138
   Fire: Sling             |       |     2 |    78 ||    80
Ability: Dig               |       |     2 |     3 ||     5
    Use: Potion            |       |     3 |     1 ||     4
         Scroll            |       |     7 |     3 ||    10
   Stab: Sleeping          |       |     1 |     1 ||     2
 Armour: Scale mail        |    37 |   142 |    84 ||   263
  Dodge: Dodged            |    42 |   142 |   115 ||   299
  Block: Buckler           |    21 |    84 |    62 ||   167

Table legend: (Time is in decaauts)
 A = Elapsed time spent in this place.
 B = Non-inter-level travel time spent in this place.
 C = Inter-level travel time spent in this place.
 D = Time resting spent in this place.
 E = Time spent auto-exploring this place.
 F = Levels seen in this place.
 G = Mean time per level.
                   A        B        C        D        E       F      G
               +--------+--------+--------+--------+--------+-----+--------+
         Total |   5702 |   5525 |    177 |    155 |   3712 |   7 |  814.6 |
       Dungeon |   4653 |   4476 |    177 |    155 |   3086 |   5 |  930.6 |
         Sewer |    384 |    384 |      0 |      0 |    242 |   1 |  384.0 |
       Ossuary |    664 |    664 |      0 |      0 |    384 |   1 |  664.0 |
               +--------+--------+--------+--------+--------+-----+--------+

Top non-repeatable levels by time:
     D:3: 1231 daAuts
     D:5: 1142 daAuts
     D:4: 1092 daAuts
     D:1: 715 daAuts
 Ossuary: 664 daAuts
     D:2: 471 daAuts
   Sewer: 384 daAuts
